 Dungeon Crawl Stone Soup version 0.29-a0-892-g2c4c91d9db (webtiles) character file.

Game seed: 14378910752188973626

30688 purpskrrrp the Destroyer (level 13, 0/100 HPs)
             Began as a Gnoll Conjurer on July 23, 2022.
             Was an Elder of Vehumet.
             Shot with an arrow by an orc knight (23 damage)
             ... on level 12 of the Dungeon.
             The game lasted 03:21:24 (18053 turns).

purpskrrrp the Destroyer (Gnoll Conjurer)          Turns: 18053, Time: 03:21:24

Health: 0/100      AC: 14    Str:  5    XL:     13   Next: 53%
Magic:  7/27       EV: 15    Int: 27    God:    Vehumet [****..]
Gold:   1150       SH:  0    Dex: 10    Spells: 4/32 levels left

rFire   . . .      SeeInvis .   S - +5 demon trident
rCold   . . .      Faith    .   (no shield)
rNeg    . . .      Spirit   .   G - +0 steam dragon scales
rPois   +          Reflect  .   u - +0 helmet
rElec   .          Harm     .   f - +2 cloak {Will+}
rCorr   .          Rampage  .   M - +0 pair of gloves
Will    +....                   s - +0 pair of boots
Stlth   ++++......              m - amulet of regeneration
HPRegen 1.06/turn               a - ring of wizardry
MPRegen 0.20/turn               y - ring of wizardry

@: hasted, very quick
A: fangs 1, strong nose, distributed training, clever 1, poison resistance
a: Renounce Religion


You were on level 12 of the Dungeon.
You worshipped Vehumet.
Vehumet was greatly pleased with you.
You visited 3 branches of the dungeon, and saw 16 of its levels.

You collected 1150 gold pieces.

Inventory:

Hand Weapons
 O - a +1 falchion of holy wrath
 S - a +5 demon trident (weapon)
Missiles
 l - 8 poisoned darts
 q - 15 boomerangs
 z - 4 silver boomerangs
 D - 6 throwing nets
 T - 6 javelins
Armour
 f - a +2 cloak of willpower (worn)
 s - a +0 pair of boots (worn)
 u - a +0 helmet (worn)
 G - +0 steam dragon scales (worn)
 I - +0 gold dragon scales
 M - a +0 pair of gloves (worn)
Magical Staves
 c - a staff of earth
Jewellery
 a - a ring of wizardry (left hand)
 i - an amulet of magic regeneration
 m - an amulet of regeneration (around neck)
 n - a ring of resist corrosion
 t - a +6 ring of strength
 y - a ring of wizardry (right hand)
Wands
 w - a wand of flame (2)
 C - a wand of digging (4)
 F - a wand of iceblast (4) (quivered)
 P - a wand of charming (6)
Scrolls
 j - 5 scrolls of butterflies
 A - a scroll of teleportation
 J - a scroll of enchant weapon
 K - a scroll of silence
 U - 2 scrolls of enchant armour
 V - 4 scrolls of identify
 X - a scroll of blinking {unknown}
Potions
 b - 3 potions of lignification
 d - 6 potions of curing
 e - a potion of magic
 g - 2 potions of degeneration
 h - 3 potions of flight
 k - a potion of mutation
 o - 5 potions of brilliance
 p - 5 potions of attraction
 r - 3 potions of heal wounds
 v - a potion of cancellation
 H - a potion of resistance
 L - 2 potions of might
 W - a potion of berserk rage {unknown}


   Skills:
 + Level 8.8 Fighting
 + Level 8.8 Short Blades
 + Level 8.8 Long Blades
 + Level 8.8 Axes
 + Level 8.8 Maces & Flails
 + Level 8.8 Polearms
 + Level 8.8 Staves
 + Level 8.8 Ranged Weapons
 + Level 8.8 Throwing
 + Level 8.8 Armour
 + Level 10.0 Dodging
 + Level 9.8 Stealth
 + Level 8.8 Shields
 + Level 8.8 Unarmed Combat
 + Level 10.2 Spellcasting
 + Level 10.3 Conjurations
 + Level 7.3 Hexes
 + Level 7.3 Summonings
 + Level 7.3 Necromancy
 + Level 7.3 Translocations
 + Level 7.3 Transmutations
 + Level 7.3 Fire Magic
 + Level 7.3 Ice Magic
 + Level 7.3 Air Magic
 + Level 7.3 Earth Magic
 + Level 7.3 Poison Magic
 + Level 9.6 Invocations
 + Level 8.8 Evocations


You had 4 spell levels left.
You knew the following spells:

 Your Spells              Type           Power      Damage    Failure   Level
a - Magic Dart            Conj           100%       1d8       1%          1
b - Searing Ray           Conj           100%       2d8       1%          2
c - Iskenderun's Mystic   Conj/Tloc      57%        2d12      1%          4
d - Sandblast             Erth           100%       2d20      1%          1
e - Scorch                Fire           100%       2d10      1%          2
f - Sticky Flame          Conj/Fire      57%        2d7       1%          4
g - Ignite Poison         Fire/Tmut/Pois 52%        N/A       1%          3
h - Irradiate             Conj/Tmut      28%        3d21      1%          5
i - Conjure Ball Lightni  Conj/Air       28%        3x3d8     2%          6

Your spell library contained the following spells:

 Spells                   Type           Power      Damage    Failure   Level
 Slow                     Hex            100%       N/A       1%          1
 Blink                    Tloc           100%       N/A       1%          2
 Static Discharge         Conj/Air       57%        3-11/arc  1%          2
 Call Canine Familiar     Summ           52%        N/A       1%          3
 Confusing Touch          Hex            52%        N/A       1%          3
 Conjure Flame            Conj/Fire      57%        6-21      1%          3
 Dazzling Flash           Conj/Hex       100%       N/A       1%          3
 Ozocubu's Armour         Ice            52%        N/A       1%          3
 Portal Projectile        Hex/Tloc       100%       N/A       1%          3
 Vampiric Draining        Necr           52%        2d9       1%          3
 Dispel Undead            Necr           52%        3d19      1%          4
 Fulminant Prism          Conj/Hex       28%        3d14      1%          4
 Hailstorm                Conj/Ice       57%        3d12      1%          4
 Ice Form                 Ice/Tmut       52%        N/A       1%          4
 Leda's Liquefaction      Hex/Erth       26%        N/A       1%          4
 Summon Ice Beast         Ice/Summ       52%        N/A       1%          4
 Manifold Assault         Tloc           52%        N/A       1%          5
 Metabolic Englaciation   Hex/Ice        26%        N/A       1%          5
 Dispersal                Tloc           26%        N/A       9%          6
 Storm Form               Tmut/Air       26%        N/A       41%         7
 Disjunction              Tloc           26%        N/A       96%         8


Dungeon Overview and Level Annotations

Branches:
Dungeon (12/15)            Temple (1/1) D:5            Lair (3/5) D:8
  Swamp (0/4) Lair:2          Orc (0/2) D:12
  Snake: Lair:2-3    Spider: Lair:2-3

Altars:
Ashenzari
Cheibriados
Dithmenos
Elyvilon
Fedhas
Gozag
Hepliaklqana
Kikubaaqudgha
Makhleb
Nemelex Xobeh
Okawaru
Qazlal
Ru
Sif Muna
Trog
Uskayaw
Vehumet
Wu Jian
Xom
Yredelemnul
Zin
The Shining One

Shops:
D:6 [


Innate Abilities, Weirdness & Mutations

You have very sharp teeth.
Your uncanny sense of smell can sniff out nearby items.
Your experience applies equally to all skills.
Your mind is acute. (Int +4, Str/Dex -1)
Your system is resistant to poisons. (rPois)


Message History

Flames lash the centaur warrior simulacrum.
The centaur warrior simulacrum melts!
The centaur warrior simulacrum is severely damaged.
The centaur warrior simulacrum's fire resistance burns away.
The centaur warrior simulacrum hits you but does no damage.
The centaur warrior simulacrum kicks you but does no damage.
Casting: Scorch (safe; 1% risk of failure)
Confirm with . or Enter, or press ? or * to list all spells.
Flames lash the troll.
The troll is moderately wounded.
The troll's fire resistance burns away.
Your surroundings suddenly seem different.
A purple ugly thing, an orc knight, a boulder beetle and a brown ugly thing come into view.
The orc knight is wielding a +1 antimagic great sword.
Found a robe, a phial of floods, a book of Sloth and a long sword.
A seven-headed hydra comes into view.
A vampire comes into view.
It is wielding the +4 quarterstaff "Goreplyo" {flame, rC+} and quivering silver boomerangs.
You feel yourself speed up.
The purple ugly thing gurgles horribly!
The orc knight shouts!
You hear a shout!
Something hits you.
Deactivating autopickup; reactivate with Ctrl-A.
The orc knight reads a scroll.
Wisps of shadow swirl around the orc knight.
A cyclops comes into view.
The seven-headed hydra roars!
You hear a horrible gurgling sound!
Found a club.
Found a ring mail.
The vampire mumbles some strange words.
The vampire flickers and vanishes!
The basilisk gazes at you.
The centaur wields a +0 shortbow.
The centaur shoots an arrow.
The arrow hits you! Something hits you!
* * * LOW HITPOINT WARNING * * *
The basilisk gazes at you. You resist with almost no effort.
The orc knight unwields a +1 antimagic great sword.
The orc knight wields a +0 longbow.
The orc knight shoots an arrow.
The arrow hits you!!
You die...

#..# ######.#.# #.#
#..######## #.#.# #.. ###
#.)[....... ## #.#.. ....#
..####.)....### ..
..#.####### #.#...)........
. ...........
#.#.###†####'####'
##'####+###.. #.#.#.#)#
.#.#..##..... #..
#.#.#.#.#..# #.#....# ∆ #.#
#.#.'......# #.#@#.# #'.#
#.#.#)#.#..#.#.....####
#.#.#
#)#.#.#.#.#.#.#.##......
∆.C##..
#.#.#).....[)[o......#.#∆
..T #.#
#.#.#.............#.#..
#... #.#
..#.'........}cl#.... [....
+.#
....#......{V....B#.#C..#?.
#.# ....#.....)..........#.
C...# ..##.).u..u...C


You could see an orc knight, a cyclops (wandering), a basilisk (summoned), a
vampire and a centaur (summoned).

Vanquished Creatures
  A boulder beetle (D:10)
  4 hydras
  5 two-headed ogres
  2 centaur warriors
  Urug (D:11)
  The ghost of pigah the Zephyrmancer, a novice OpAE of Gozag (D:8)
  Lodul (D:12)
  A deep troll (D:10)
  An orc knight (D:12)
  3 deep elf pyromancers (D:12)
  A manticore (D:12)
  2 cyclopes
  2 black mambas (Lair:1)
  2 torpor snails (Lair:1)
  4 cane toads
  A kobold demonologist (D:11)
  A rime drake (Lair:2)
  A komodo dragon (D:10)
  5 trolls
  A yaktaur (D:12)
  A polar bear (Lair:3)
  A wind drake (shapeshifter) (D:12)
  A queen bee (shapeshifter) (D:12)
  2 hornets
  Prince Ribbit (D:9)
  A meliai (D:12)
  A tyrant leech (shapeshifter) (D:12)
  A slime creature (D:12)
  Grinder (D:6)
  A tarantella (shapeshifter) (D:12)
  3 shadows
  3 wraiths
  A vampire (D:11)
  32 yaks
  A basilisk (Lair:1)
  A redback (shapeshifter) (D:8)
  3 vampire mosquitoes (D:12)
  A steam dragon (D:8)
  Edmund (D:6)
  2 water moccasins
  11 orc warriors
  2 ice beasts (D:7)
  A sky beast (D:8)
  7 ogres
  7 centaurs
  A phantom (D:4)
  Blork the orc (D:6)
  8 bullfrogs
  2 gnoll sergeants
  2 scorpions
  3 necrophages
  4 killer bees (D:10)
  4 howler monkeys
  Crazy Yiuf (D:2)
  5 orc priests
  4 jellies
  2 gnoll boudas
  2 hounds
  3 iguanas
  18 orc wizards
  19 gnolls
  11 adders
  2 shadow imps
  A white imp (D:4)
  An ufetubus (D:4)
  2 worms
  2 dart slugs (D:1)
  44 orcs
  5 endoplasms
  4 giant cockroaches
  9 goblins
  9 hobgoblins
  2 jackals (D:1)
  5 quokkas
  9 ball pythons
  8 bats
  9 frilled lizards
  8 kobolds
  6 rats
343 creatures vanquished.

Vanquished Creatures (others)
  4 ball lightnings (D:12)
  A fungus (Lair:1)
  3 plants
8 creatures vanquished.

Grand Total: 351 creatures vanquished

Notes
Turn   | Place    | Note
-------+----------+-------------------------------------------
     0 | D:1      | purpskrrrp the Gnoll Conjurer began the quest for the Orb.
     0 | D:1      | Reached XP level 1. HP: 13/13 MP: 6/6
   103 | D:1      | Reached XP level 2. HP: 19/19 MP: 5/7
   454 | D:1      | Found a faded altar of an unknown god.
   529 | D:1      | Reached skill level 5 in Spellcasting
   529 | D:1      | Reached XP level 3. HP: 25/25 MP: 5/9
   933 | D:2      | Reached skill level 1 in Invocations
  1046 | D:2      | Reached skill level 1 in Fighting
  1046 | D:2      | Reached skill level 1 in Short Blades
  1046 | D:2      | Reached skill level 1 in Long Blades
  1046 | D:2      | Reached skill level 1 in Axes
  1046 | D:2      | Reached skill level 1 in Maces & Flails
  1046 | D:2      | Reached skill level 1 in Polearms
  1046 | D:2      | Reached skill level 1 in Staves
  1046 | D:2      | Reached skill level 1 in Ranged Weapons
  1046 | D:2      | Reached skill level 1 in Throwing
  1046 | D:2      | Reached skill level 1 in Armour
  1046 | D:2      | Reached skill level 1 in Shields
  1046 | D:2      | Reached skill level 1 in Unarmed Combat
  1046 | D:2      | Reached skill level 1 in Evocations
  1303 | D:2      | Reached XP level 4. HP: 32/32 MP: 9/11
  1503 | D:2      | Reached skill level 1 in Hexes
  1503 | D:2      | Reached skill level 1 in Summonings
  1503 | D:2      | Reached skill level 1 in Necromancy
  1503 | D:2      | Reached skill level 1 in Translocations
  1503 | D:2      | Reached skill level 1 in Transmutations
  1503 | D:2      | Reached skill level 1 in Fire Magic
  1503 | D:2      | Reached skill level 1 in Ice Magic
  1503 | D:2      | Reached skill level 1 in Air Magic
  1503 | D:2      | Reached skill level 1 in Earth Magic
  1503 | D:2      | Reached skill level 1 in Poison Magic
  1594 | D:2      | Found a runed translucent door.
  1595 | D:2      | Noticed Crazy Yiuf
  1857 | D:2      | Reached XP level 5. HP: 42/42 MP: 11/14
  1924 | D:2      | Killed Crazy Yiuf
  1988 | D:2      | Learned a level 2 spell: Searing Ray
  2037 | D:3      | Reached XP level 6. HP: 49/49 MP: 10/15
  2701 | D:3      | Found a glowing golden altar of the Shining One.
  3388 | D:4      | Found a sacrificial altar of Ru.
  3776 | D:4      | Reached skill level 5 in Invocations
  3776 | D:4      | Reached XP level 7. HP: 53/54 MP: 1/17
  4268 | D:5      | Entered Level 5 of the Dungeon
  4852 | D:5      | Found a staircase to the Ecumenical Temple.
  4855 | D:5      | You fall into a shaft and drop 1 floor!
  4855 | D:6      | Found an opulent altar of Gozag.
  4922 | Temple   | Entered the Ecumenical Temple
  5207 | Temple   | Became a worshipper of Vehumet
  5361 | D:5      | Found a shadowy altar of Dithmenos.
  5746 | D:6      | Noticed Blork the orc
  5750 | D:6      | Killed Blork the orc
  5751 | D:6      | Reached XP level 8. HP: 47/61 MP: 12/18
  5904 | D:6      | Found a basalt altar of Yredelemnul.
  6270 | D:6      | Reached skill level 5 in Fighting
  6270 | D:6      | Reached skill level 5 in Short Blades
  6270 | D:6      | Reached skill level 5 in Long Blades
  6270 | D:6      | Reached skill level 5 in Axes
  6270 | D:6      | Reached skill level 5 in Maces & Flails
  6270 | D:6      | Reached skill level 5 in Polearms
  6270 | D:6      | Reached skill level 5 in Staves
  6270 | D:6      | Reached skill level 5 in Ranged Weapons
  6270 | D:6      | Reached skill level 5 in Throwing
  6270 | D:6      | Reached skill level 5 in Armour
  6270 | D:6      | Reached skill level 5 in Shields
  6270 | D:6      | Reached skill level 5 in Unarmed Combat
  6270 | D:6      | Reached skill level 5 in Evocations
  6310 | D:6      | Noticed a yak
  6310 | D:6      | Noticed a yak
  6311 | D:6      | Noticed a yak
  6311 | D:6      | Found Puusk's Armour Shoppe.
  6312 | D:6      | Noticed a yak
  6312 | D:6      | Noticed a yak
  6322 | D:6      | Killed a yak
  6360 | D:6      | Learned a level 4 spell: Iskenderun's Mystic Blast
  6379 | D:6      | Killed a yak
  6386 | D:6      | Found a hide-covered altar of Uskayaw.
  6386 | D:6      | Noticed a +0 hand axe
  6386 | D:6      | Noticed a +0 hand axe
  6536 | D:6      | Noticed Edmund
  6684 | D:6      | Killed a yak
  6685 | D:6      | Reached XP level 9. HP: 61/68 MP: 2/19
  6885 | D:6      | Killed Edmund
  6978 | D:6      | Noticed Grinder
  6985 | D:6      | Killed Grinder
  7561 | D:7      | Reached * piety under Vehumet
  7561 | D:7      | Offered knowledge of Sandblast by Vehumet.
  7608 | D:7      | Learned a level 1 spell: Sandblast
  8109 | D:7      | Found a blossoming altar of Fedhas.
  8422 | D:8      | Reached XP level 10. HP: 62/76 MP: 10/21
  8600 | D:8      | Paralysed by a hornet for 1 turns
  8736 | D:8      | Found a glowing silver altar of Zin.
  8870 | D:8      | Offered knowledge of Scorch by Vehumet.
  8900 | D:8      | Reached ** piety under Vehumet
  8904 | D:8      | Learned a level 2 spell: Scorch
  8933 | D:8      | Found a bloodstained altar of Trog.
  9062 | D:8      | Found a runed translucent gate.
  9062 | D:8      | Found a runed translucent gate.
  9086 | D:8      | Found a runed translucent gate.
  9090 | D:8      | Noticed pigah's ghost (novice OpAE)
  9147 | D:8      | Found a staircase to the Lair.
  9388 | D:8      | Noticed a five-headed hydra
  9389 | D:8      | Noticed a salamander
  9411 | D:8      | Killed a five-headed hydra
  9412 | D:8      | Reached skill level 5 in Hexes
  9412 | D:8      | Reached skill level 5 in Summonings
  9412 | D:8      | Reached skill level 5 in Necromancy
  9412 | D:8      | Reached skill level 5 in Translocations
  9412 | D:8      | Reached skill level 5 in Transmutations
  9412 | D:8      | Reached skill level 5 in Fire Magic
  9412 | D:8      | Reached skill level 5 in Ice Magic
  9412 | D:8      | Reached skill level 5 in Air Magic
  9412 | D:8      | Reached skill level 5 in Earth Magic
  9412 | D:8      | Reached skill level 5 in Poison Magic
  9448 | D:8      | Noticed a two-headed ogre
  9456 | D:8      | Killed a two-headed ogre
  9870 | Lair:1   | Entered Level 1 of the Lair of Beasts
  9998 | Lair:1   | Noticed a cane toad
 10005 | Lair:1   | Killed a cane toad
 10262 | Lair:1   | Noticed a torpor snail
 10263 | Lair:1   | Noticed a black mamba
 10275 | Lair:1   | Killed a black mamba
 10276 | Lair:1   | Reached XP level 11. HP: 29/83 MP: 12/23
 10279 | Lair:1   | Offered knowledge of Static Discharge by Vehumet.
 10442 | Lair:1   | Found a bloodstained altar of Trog.
 11413 | Lair:2   | Noticed an eight-headed hydra
 11413 | Lair:2   | Noticed a seven-headed hydra
 11427 | Lair:2   | Killed a seven-headed hydra
 11431 | Lair:2   | Killed an eight-headed hydra
 11431 | Lair:2   | Reached *** piety under Vehumet
 11437 | Lair:2   | Learned a level 4 spell: Sticky Flame
 11545 | Lair:2   | Found a staircase to the Swamp.
 11979 | D:9      | Noticed Prince Ribbit
 11987 | D:9      | Killed Prince Ribbit
 12313 | D:9      | Reached XP level 12. HP: 87/91 MP: 18/25
 12807 | D:9      | Noticed an eight-headed hydra
 12816 | D:9      | Offered knowledge of Ignite Poison by Vehumet.
 12817 | D:9      | Killed an eight-headed hydra
 13130 | D:10     | Entered Level 10 of the Dungeon
 13250 | D:10     | Noticed a two-headed ogre
 13257 | D:10     | Killed a two-headed ogre
 13690 | D:10     | Gained mutation: You are clumsy. (Dex -2) [potion of
                  | mutation]
 13691 | D:10     | Lost mutation: You are clumsy. (Dex -2) [potion of
                  | mutation]
 13691 | D:10     | Gained mutation: You passively map a small area around you.
                  | [potion of mutation]
 13692 | D:10     | Lost mutation: You passively map a small area around you.
                  | [potion of mutation]
 13692 | D:10     | Gained mutation: Your system is resistant to poisons.
                  | (rPois) [potion of mutation]
 13692 | D:10     | Gained mutation: Your mind is acute. (Int +4, Str/Dex -1)
                  | [potion of mutation]
 13708 | D:10     | Found a runed translucent door.
 13708 | D:10     | Noticed a centaur warrior
 13711 | D:10     | Noticed a boulder beetle
 13715 | D:10     | Killed a centaur warrior
 13833 | D:10     | Reached **** piety under Vehumet
 13838 | D:10     | Learned a level 3 spell: Ignite Poison
 14306 | D:10     | Noticed an ogre mage
 14351 | D:11     | Noticed a centaur warrior
 14359 | D:11     | Killed a centaur warrior
 14536 | D:11     | Offered knowledge of Irradiate by Vehumet.
 14747 | D:11     | Noticed a two-headed ogre
 14762 | D:11     | Killed a two-headed ogre
 14864 | D:11     | Noticed a two-headed ogre
 14864 | D:11     | Noticed a two-headed ogre
 14868 | D:11     | Killed a two-headed ogre
 14870 | D:11     | Killed a two-headed ogre
 14969 | D:11     | Learned a level 5 spell: Irradiate
 14985 | D:11     | Noticed Urug
 14994 | D:11     | Killed Urug
 15950 | D:12     | Found a staircase to the Orcish Mines.
 16077 | D:12     | Reached skill level 10 in Conjurations
 16088 | D:12     | Reached XP level 13. HP: 71/98 MP: 17/26
 17164 | D:8      | Killed pigah's ghost
 17165 | D:8      | Reached skill level 10 in Spellcasting
 17832 | D:12     | Identified a scroll of acquirement
 17832 | D:12     | Acquired the Cyclopedia of Dynamic Glaciation
 17840 | D:12     | Learned a level 5 spell: Manifold Assault
 17905 | D:12     | Learned a level 6 spell: Conjure Ball Lightning
 17979 | D:12     | Noticed Lodul
 17989 | D:12     | Killed Lodul
 17990 | D:12     | Identified the amulet "Rauci" {Acrobat Harm *Corrode rC++
                  | Regen+}
 18006 | D:12     | Reached skill level 10 in Dodging
 18049 | D:12     | Identified the +4 quarterstaff "Goreplyo" {flame, rC+}
 18053 | D:12     | Shot with an arrow by an orc knight

Illustrated notes

Levels and vault maps discovered:
D:1:      lightli_arrival_noodles, layout_rooms, ebering_ecumenical_altar_webs
D:2:      layout_basic, nrook_mini_vaults, chequers_garden,
          supply_closet_lemuel, minmay_tetromino_s4, uniq_crazy_yiuf_cottage
D:3:      layout_rooms, lemuel_tele_altar, serial_forest,
          infiniplex_forest_clump_double, infiniplex_forest_diagonal,
          infiniplex_forest_lined_ring, infiniplex_forest_split,
          infiniplex_forest_straight_2, infiniplex_forest_zigzag_2,
          infiniplex_forest_corner_1, infiniplex_forest_join,
          infiniplex_forest_lined_corner
D:4:      layout_basic, nicolae_ru_path_of_blood
D:5:      layout_basic, lemuel_crystal_altar, minmay_temple_entry_arrows
D:6:      layout_loops_ring, dancing_weapons_uskayaw,
          nicolae_gozag_cash_rules_everything_around_me,
          mainiacjoe_overflow_24_doors, serial_shops, nicolae_lakefront_shop,
          uniq_edmund, uniq_blork_the_orc, uniq_grinder
D:7:      layout_loops_ring, lemuel_coloured_pillars_altar, grunt_tough_drop
D:8:      minmay_chambers_of_sixes, layout_basic, trog_hazing_becter,
          mainiacjoe_overflow_paths, lair_entry_dummy, gammafunk_ghost_spectres
D:9:      layout_basic, patterned_corridor, uniq_prince_ribbit1
D:10:     layout_cave_pools, minivault_13
D:11:     layout_grid_maze, grunt_ogre_cave, uniq_urug
D:12:     minmay_the_grid_square_5x5_5x5_mashed
          [minmay_the_grid_square_5x5_six_small,
          minmay_the_grid_square_5x5_one_wall, minmay_the_grid_square_5x5_eight,
          minmay_the_grid_square_5x5_three_small,
          minmay_the_grid_square_5x5_spiral_small,
          minmay_the_grid_square_5x5_three,
          minmay_the_grid_square_5x5_prize_itemx, minmay_the_grid_square_5x5_z,
          minmay_the_grid_square_5x5_prize_waves,
          minmay_the_grid_square_5x5_intrusive_squares,
          minmay_the_grid_square_5x5_shuriken,
          minmay_the_grid_square_5x5_three_walls,
          minmay_the_grid_square_5x5_prize_gold, minmay_the_grid_square_5x5_meh,
          minmay_the_grid_square_5x5_fancy_junction,
          minmay_the_grid_square_5x5_eight_small,
          minmay_the_grid_square_5x5_prize_junk,
          minmay_the_grid_square_5x5_inverted_slash,
          minmay_the_grid_square_5x5_prize_open,
          minmay_the_grid_square_5x5_trominoes, minmay_the_grid_square_5x5_tie,
          minmay_the_grid_square_5x5_dogpile,
          minmay_the_grid_square_5x5_minivault,
          minmay_the_grid_square_5x5_shrine2,
          minmay_the_grid_square_5x5_percent], layout_loops_ring, orc_0_dummy,
          uniq_lodul
Temple:   hellmonk_temple_forest_ring
Lair:1:   layout_loops_ring, basic_altar
Lair:2:   layout_loops_ring, palyth_hydra_swamp_entry
Lair:3:   layout_regular_city, spider_nest_entry_web_field, grunt_megastairs_3,
          serial_bayou_shore_b, lemuel_fruit_fields, uniq_fannar

Skill      XL: |  1  2  3  4  5  6  7  8  9 10 11 12 13 |
---------------+----------------------------------------+-----
Spellcasting   | 5 6 7 8 9 10 | 10.2
Invocations    | 1 4 5 6 7 8 9 |  9.6
Fighting       | 1 4 5 6 7 8 |  8.8
Short Blades   | 1 4 5 6 7 8 |  8.8
Long Blades    | 1 4 5 6 7 8 |  8.8
Axes           | 1 4 5 6 7 8 |  8.8
Maces & Flails | 1 4 5 6 7 8 |  8.8
Polearms       | 1 4 5 6 7 8 |  8.8
Staves         | 1 4 5 6 7 8 |  8.8
Ranged Weapons | 1 4 5 6 7 8 |  8.8
Throwing       | 1 4 5 6 7 8 |  8.8
Armour         | 1 4 5 6 7 8 |  8.8
Shields        | 1 4 5 6 7 8 |  8.8
Unarmed Combat | 1 4 5 6 7 8 |  8.8
Evocations     | 1 4 5 6 7 8 |  8.8
Hexes          | 3 4 5 6 7 |  7.3
Summonings     | 3 4 5 6 7 |  7.3
Necromancy     | 3 4 5 6 7 |  7.3
Translocations | 3 4 5 6 7 |  7.3
Transmutations | 3 4 5 6 7 |  7.3
Fire Magic     | 3 4 5 6 7 |  7.3
Ice Magic      | 3 4 5 6 7 |  7.3
Air Magic      | 3 4 5 6 7 |  7.3
Earth Magic    | 3 4 5 6 7 |  7.3
Poison Magic   | 3 4 5 6 7 |  7.3
Dodging        | 6 7 8 9 10 | 10.0
Stealth        | 6 7 8 9 |  9.8
Conjurations   | 8 9 10 | 10.3

Action                   |  1- 3 |  4- 6 |  7- 9 | 10-12 | 13-15 || total
-------------------------+-------+-------+-------+-------+-------++-------
Melee: Staff             |    11 |       |     1 |    46 |       ||    58
       Bite              |     1 |       |       |    13 |     5 ||    19
       Punch             |       |       |       |     3 |     2 ||     5
       Demon trident     |       |       |       |    10 |    37 ||    47
Throw: Boomerang         |       |       |    23 |       |       ||    23
 Cast: Magic Dart        |    72 |    67 |    87 |    63 |    21 ||   310
       Searing Ray       |       |    27 |    38 |    33 |    10 ||   108
       Iskenderun's Myst |       |       |    10 |    68 |    18 ||    96
       Sandblast         |       |       |    27 |    95 |    27 ||   149
       Scorch            |       |       |       |    49 |    31 ||    80
       Sticky Flame      |       |       |       |    17 |    13 ||    30
       Irradiate         |       |       |       |     1 |     2 ||     3
       Manifold Assault  |       |       |       |       |     3 ||     3
       Conjure Ball Ligh |       |       |       |       |     2 ||     2
       Ignite Poison     |       |       |       |       |     1 ||     1
Evoke: Wand              |       |       |     7 |    17 |     1 ||    25
  Use: Scroll            |       |    12 |     7 |     9 |     6 ||    34
       Potion            |       |     1 |     2 |     5 |     4 ||    12
Armor: Robe              |    10 |     7 |    23 |       |       ||    40
       Steam dragon scal |       |       |       |    76 |    36 ||   112
Dodge: Dodged            |    17 |    13 |    60 |   145 |    66 ||   301

Table legend: (Time is in decaauts)
 A = Elapsed time spent in this place.
 B = Non-inter-level travel time spent in this place.
 C = Inter-level travel time spent in this place.
 D = Time resting spent in this place.
 E = Time spent auto-exploring this place.
 F = Levels seen in this place.
 G = Mean time per level.
                   A        B        C        D        E       F      G
               +--------+--------+--------+--------+--------+-----+--------+
         Total |  18211 |  16766 |   1445 |   3236 |  10279 |  16 | 1138.2 |
       Dungeon |  15938 |  14693 |   1245 |   2873 |   8921 |  12 | 1328.2 |
        Temple |    312 |    208 |    104 |      0 |    158 |   1 |  312.0 |
          Lair |   1960 |   1864 |     96 |    363 |   1200 |   3 |  653.3 |
               +--------+--------+--------+--------+--------+-----+--------+

Top non-repeatable levels by time:
    D:11: 2167 daAuts
     D:8: 1838 daAuts
     D:6: 1720 daAuts
    D:10: 1617 daAuts
     D:4: 1417 daAuts
     D:9: 1264 daAuts
     D:7: 1118 daAuts
     D:2: 1102 daAuts
  Lair:1: 1029 daAuts
    D:12: 999 daAuts
     D:3: 932 daAuts
     D:1: 931 daAuts
  Lair:2: 907 daAuts
     D:5: 829 daAuts
  Temple: 312 daAuts
